 Dungeon Crawl Stone Soup version 0.27-a0-1149-g4505690ab0 (webtiles) character file.

Game seed: 15180012832486870856

10918 senseless the Thaumaturge (level 12, -3/76 HPs)
             Began as a Djinni Fire Elementalist on May 12, 2021.
             Was a High Priest of Elyvilon.
             Slain by an orc warrior
             ... wielding a +1 long sword of protection
             ... led by an orc knight
              (28 damage)
             ... on level 1 of the Orcish Mines on May 13, 2021.
             The game lasted 00:50:11 (12459 turns).

senseless the Thaumaturge (DjFE)                   Turns: 12459, Time: 00:50:15

Health: -3/76      AC: 11    Str:  7    XL:     12   Next: 1%
Gold:   800        EV: 14    Int: 24    God:    Elyvilon [*****.] SH:  0 Dex: 12

rFire    + + .     SeeInvis .   B - +2 trident (protect)
rCold    . . .     Faith    .   (no shield)
rNeg     . . .     Spirit   .   g - +0 steam dragon scales
rPois    ∞         Reflect  .   (no helmet)
rElec    .         Harm     .   w - +0 cloak
rCorr    .         Rampage  .   c - +0 pair of gloves
Will     ++...                  (boots unavailable)
Stlth    ++........             b - amulet "Viebiy Ykli" {Will+ Regen+ Int+4 Dex-4}
HPRegen  1.22/turn              x - +4 ring of protection
MPRegen  0.00/turn              j - ring of protection from cold

@: flying
A: sickness immunity, fire resistance 2, cold vulnerability 1, float, innate
caster, hp casting, extra vitality 1
a: Renounce Religion, Lesser Healing, Heal Other, Purification, Greater Healing,
Divine Vigour, Divine Protection


You were on level 1 of the Orcish Mines.
You worshipped Elyvilon.
Elyvilon was extremely pleased with you.
You visited 3 branches of the dungeon, and saw 13 of its levels.
You also visited: Sewer.

You collected 888 gold pieces.
You spent 88 gold pieces at shops.

Inventory:

Hand Weapons
 l - a +2 whip of electrocution
 B - a +2 trident of protection (weapon)
 H - a +1 dagger of holy wrath
Missiles
 C - 8 atropa-tipped darts
 F - 15 curare-tipped darts
Armour
 a - a +0 robe
 c - a +0 pair of gloves (worn)
 e - a +0 troll leather armour
 g - +0 steam dragon scales (worn)
 w - a +0 cloak (worn)
Jewellery
 b - the amulet "Viebiy Ykli" (around neck) {Will+ Regen+ Int+4 Dex-4}
   (You acquired it on level 2 of the Dungeon)

   [amulet of regeneration]

   It affects your intelligence (+4).
   It affects your dexterity (-4).
   It increases your rate of health regeneration.
   It increases your willpower.
 d - a ring of willpower
 i - an amulet of the acrobat
 j - a ring of protection from cold (right hand)
 m - a +6 ring of strength
 x - a +4 ring of protection (left hand)
 A - a ring of see invisible
 G - a ring of protection from fire
Wands
 k - a wand of iceblast (7)
 r - a wand of paralysis (9)
 t - a wand of digging (11)
 I - a wand of acid (6)
Scrolls
 n - a scroll of magic mapping
 y - a scroll of fear
Potions
 f - 4 potions of curing
 h - a potion of berserk rage
 o - a potion of ambrosia
 p - 4 potions of mutation
 q - 4 potions of heal wounds
 s - 2 potions of attraction
 u - 3 potions of lignification
 v - 4 potions of haste
 z - 2 potions of degeneration {unknown}
 D - a potion of flight {unknown}
 E - a potion of invisibility {unknown}
 J - a potion of resistance {unknown}


   Skills:
 + Level 2.7 Fighting
 + Level 1.4 Armour
 + Level 6.9 Dodging
 + Level 4.2 Stealth
 + Level 12.5 Spellcasting


You had 6 spell levels left.
You knew the following spells:

 Your Spells              Type           Power      Damage    Failure   Level
a - Foxfire               Conj/Fire      100%       2x1d9     1%          1
b - Conjure Flame         Conj/Fire      66%        6-21      1%          3
c - Inner Flame           Hex/Fire       66%        N/A       1%          3
d - Sticky Flame          Conj/Fire      66%        2d8       1%          4
e - Fireball              Conj/Fire      33%        3d14      1%          5
f - Pain                  Necr           100%       1d9       1%          1
g - Ensorcelled Hibernat  Hex/Ice        100%       N/A       1%          2
h - Frozen Ramparts       Ice            100%       1d12      1%          3
i - Cause Fear            Hex            33%        N/A       1%          4
j - Fulminant Prism       Conj/Hex       33%        3d16      1%          4
Your spell library was empty.

Dungeon Overview and Level Annotations

Branches:
Dungeon (10/15)            Temple (1/1) D:5            Lair (0/6) D:10
    Orc (2/2) D:9           Sewer (visited)
    Elf: Orc:2

Altars:
Ashenzari
Cheibriados
Dithmenos
Elyvilon
Fedhas
Gozag
Hepliaklqana
Kikubaaqudgha
Makhleb
Nemelex Xobeh
Okawaru
Qazlal
Ru
Sif Muna
Trog
Uskayaw
Vehumet
Wu Jian
Xom
Yredelemnul
Zin
The Shining One
Lugonu

Shops:
D:7 ?   D:8 (

Annotations:
D:5 Eustachio
D:9 2 transporters


Innate Abilities, Weirdness & Mutations

You are immune to sickness and miasma.
You are immune to poison.
Your flesh is very heat resistant. (rF++)
You are vulnerable to cold. (rC-)
You float through the air rather than walking.
You learn spells naturally, not from books.
Your magical power is your life essence.
You have superior vitality. (+4 HP)


Message History

There is a stone staircase leading down here.
You fly downwards.
An orc warrior comes into view.
It is wielding a +0 halberd of protection.
The orc barely misses you. The orc knight closely misses you.
The orc sorcerer points at you and mumbles some strange words.
The bolt of fire hits you. You resist. The orc barely misses you.
The orc knight hits you with a +0 battleaxe!
The orc warrior misses you.
There is a stone staircase leading up here.
The orc closely misses you.
The orc knight hits you with a +0 battleaxe!!
The orc warrior barely misses you.
You fly upwards.
There is a stone staircase leading down here.
Casting: Foxfire (safe; 1% risk of failure)
Confirm with . or Enter, or press ? or * to list all spells.
Aiming: Fireball (dangerous; 1% risk of failure)
Press: ? - help, Shift-Dir - straight line, f - orc knight
Aim: an orc knight, wielding a +0 battleaxe and wearing a +0 chain mail (lightly wounded) That beam is likely to hit you.
Continue anyway?
The fireball explodes!
The fireball engulfs the orc knight!
The orc knight is moderately wounded.
The fireball engulfs the orc!
You kill the orc!
The fireball engulfs the orc warrior!
The orc warrior is heavily wounded.
The fireball engulfs you! You resist.
The orc knight hits you with a +0 battleaxe.
* * * LOW HITPOINT WARNING * * *
The orc warrior misses you.
The orc knight roars a battlecry!
The orc warrior goes into a battle-frenzy!
You are too injured to fight recklessly!
Casting: Fireball (dangerous; 1% risk of failure)
Confirm with . or Enter, or press ? or * to list all spells.
You conjure some foxfire!
The foxfire hits the orc knight but does no damage.
The orc knight is moderately wounded.
The orc warrior hits you with a +1 long sword of protection!!
You die...

#........#.)...#^..#.#
##..............##.....
#...............##....#
####..............###.###
##.##...............#...#
#...).....#......#..##.##
##.##................###
#####.....v........##.##
##.##.[.[..o@....#######
#......#÷..o......#
##.#....).>......##
####.....)......##
######............##
##.##...............#
###................#.##
##.#.....###.....###...#
#.....#.###.......#....#


You could see an orc knight and an orc warrior (strong, ally target).

Vanquished Creatures
  A two-headed ogre (D:9)
  Sonja (Orc:1)
  An oklob plant (Orc:1)
  4 trolls (D:10)
  A meliai zombie (D:8)
  Sigmund (D:6)
  A vampire (D:10)
  18 yaks
  2 steam dragons
  Menkaure (D:4)
  A warg (Orc:1)
  2 water moccasins
  Duvessa (D:6)
  6 orc warriors
  An ice beast (D:5)
  A black bear (D:6)
  6 sky beasts
  A necrophage (D:6)
  A hornet zombie (D:7)
  5 ogres
  A centaur (D:9)
  A phantom (D:4)
  2 kobold brigands (D:8)
  A scorpion (D:6)
  A gnoll sergeant (D:6)
  4 bullfrogs
  Dowan (D:6)
  An electric eel (D:10)
  5 centaur zombies
  A bullfrog zombie (D:6)
  2 jellies
  Crazy Yiuf (D:4)
  13 orc priests
  A centaur skeleton (D:7)
  A gnoll shaman (D:7)
  4 hounds
  4 iguanas
  12 orc wizards
  2 killer bee zombies
  A howler monkey skeleton (D:7)
  A howler monkey zombie (D:9)
  12 gnolls
  5 adders
  A river rat (D:6)
  2 worms
  A dart slug (D:3)
  37 orcs
  12 ball pythons
  3 endoplasms
  4 giant cockroaches
  4 goblins
  11 hobgoblins
  14 jackals
  4 quokkas
  2 bats (D:2)
  6 frilled lizards
  27 kobolds
  10 rats
271 creatures vanquished.

Vanquished Creatures (collateral kills)
  25 foxfires
25 creatures vanquished.

Vanquished Creatures (others)
  1687 foxfires
  3 fulminant prisms (Orc:1)
  35 plants
1725 creatures vanquished.

Grand Total: 2021 creatures vanquished

Notes
Turn   | Place    | Note
-------+----------+-------------------------------------------
     0 | D:1      | senseless the Djinni Fire Elementalist began the quest for
                  | the Orb.
     0 | D:1      | Reached XP level 1. HP: 15/15 MP: 0/0
   178 | D:1      | Reached XP level 2. HP: 16/21 MP: 0/0
   696 | D:1      | Reached skill level 3 in Spellcasting
   889 | D:1      | Reached XP level 3. HP: 21/25 MP: 0/0
   889 | D:1      | Learned a level 1 spell: Pain
  1283 | D:1      | You are sucked into a shaft and drop 1 floor!
  1468 | D:2      | Reached XP level 4. HP: 25/31 MP: 0/0
  1927 | D:2      | Found a faded altar of an unknown god.
  2200 | D:2      | Reached skill level 4 in Spellcasting
  2200 | D:2      | Reached XP level 5. HP: 11/35 MP: 0/0
  2200 | D:2      | Learned a level 2 spell: Ensorcelled Hibernation
  3507 | D:2      | Identified a scroll of acquirement
  3507 | D:2      | Acquired the amulet "Viebiy Ykli" {Will+ Regen+ Int+4
                  | Dex-4}
  3669 | D:3      | Reached XP level 6. HP: 20/40 MP: 0/0
  4374 | D:4      | Found a runed translucent door.
  4375 | D:4      | Noticed Crazy Yiuf
  4397 | D:4      | Noticed Menkaure
  4411 | D:4      | Killed Menkaure
  4412 | D:4      | Reached skill level 5 in Spellcasting
  4412 | D:4      | Reached XP level 7. HP: 35/45 MP: 0/0
  4412 | D:4      | Learned a level 3 spell: Frozen Ramparts
  4732 | D:4      | Reached skill level 6 in Spellcasting
  5040 | D:4      | Reached XP level 8. HP: 48/51 MP: 0/0
  5185 | D:4      | Killed Crazy Yiuf
  5239 | D:5      | Entered Level 5 of the Dungeon
  5476 | D:5      | Reached skill level 1 in Fighting
  5476 | D:5      | Reached skill level 7 in Spellcasting
  5744 | D:5      | Noticed Eustachio
  5819 | D:5      | Found a staircase to the Ecumenical Temple.
  5839 | Temple   | Entered the Ecumenical Temple
  6121 | Temple   | Became a worshipper of Elyvilon the Healer
  6662 | D:6      | Noticed Sigmund
  6667 | D:6      | Killed Sigmund
  6668 | D:6      | Reached XP level 9. HP: 57/57 MP: 0/0
  6668 | D:6      | Learned a level 4 spell: Cause Fear
  6771 | D:6      | Found a glowing drain.
  6783 | Sewer    | Entered a sewer
  7360 | D:6      | Reached skill level 8 in Spellcasting
  7379 | D:6      | Found a glowing golden altar of the Shining One.
  7438 | D:6      | Reached * piety under Elyvilon
  7566 | D:6      | Reached skill level 9 in Spellcasting
  7579 | D:6      | Noticed Dowan
  7580 | D:6      | Noticed Duvessa
  7591 | D:6      | Killed Duvessa
  7596 | D:6      | Killed Dowan
  7799 | D:6      | You are sucked into a shaft and drop 3 floors!
  7810 | D:9      | Noticed a green ugly thing
  7816 | D:9      | Noticed a white ugly thing
  7819 | D:9      | Found a corrupted altar of Lugonu.
  7946 | D:9      | Reached XP level 10. HP: 52/63 MP: 0/0
  8095 | D:8      | Reached ** piety under Elyvilon
  8211 | D:8      | Found Wuazog's Antique Weapon Shoppe.
  8324 | D:7      | Found Xyllaff's Magic Scroll Boutique.
  8327 | D:7      | Bought a scroll of identify for 32 gold pieces
  8327 | D:7      | Bought a scroll of fear for 56 gold pieces
  8358 | D:7      | Reached skill level 10 in Spellcasting
  8840 | D:7      | Reached *** piety under Elyvilon
  9252 | D:8      | Reached skill level 5 in Dodging
  9599 | D:9      | Noticed a two-headed ogre
  9610 | D:9      | Killed a two-headed ogre
  9729 | D:9      | Found a staircase to the Orcish Mines.
  9902 | D:9      | Found a transporter.
  9903 | D:9      | Found a transporter.
  9904 | D:9      | Reached **** piety under Elyvilon
  9940 | D:9      | Reached skill level 11 in Spellcasting
 10176 | D:9      | Reached XP level 11. HP: 60/68 MP: 0/0
 10176 | D:9      | Learned a level 4 spell: Fulminant Prism
 10444 | D:10     | Entered Level 10 of the Dungeon
 10799 | D:10     | Reached skill level 1 in Armour
 10803 | D:10     | Found a staircase to the Lair.
 10873 | D:10     | Reached skill level 12 in Spellcasting
 11350 | D:10     | Reached ***** piety under Elyvilon
 11766 | Orc:1    | Entered Level 1 of the Orcish Mines
 11894 | Orc:1    | Noticed Sonja
 11979 | Orc:1    | Killed Sonja
 12085 | Orc:1    | Noticed an oklob plant
 12111 | Orc:1    | Killed an oklob plant
 12230 | Orc:1    | Reached XP level 12. HP: 53/76 MP: 0/0
 12418 | Orc:2    | Entered Level 2 of the Orcish Mines
 12459 | Orc:1    | Slain by an orc warrior

Illustrated notes

Levels and vault maps discovered:
D:1:      dpeg_arrival_boxorama, layout_basic, chequers_avenue,
          minmay_pentomino_u2
D:2:      cheibrodos_pilgrimage, layout_loops_corners,
          shapermc_ecumenical_altar_venn, roderic_lattice_a
D:3:      layout_basic, fountainhead
D:4:      layout_loops_cross, uniq_menkaure, uniq_crazy_yiuf_cottage
D:5:      layout_basic, minmay_temple_entry_mist, dk_noncrumbling_4,
          roderic_roman_lattice, uniq_eustachio
D:6:      layout_cave_pools, amcnicky_altar_gilded, gup_sewer_entry_bubbles,
          uniq_duvessa, uniq_sigmund
D:7:      layout_cave_pools, serial_column_ruins, column_ruins_open_small,
          column_ruins_columns_straight, column_ruins_columns_plus,
          serial_shops, nicolae_shop_behind_doors, minivault_22,
          corexii_item_surrounded_by_moat
D:8:      layout_gridville, serial_shops, shop
D:9:      gammafunk_corrupted_shrine, layout_stronghold, orc_0_dummy,
          kennysheep_generic_room_9
D:10:     layout_gridville, lair_entry_dummy, serial_bayou_lagoon_a, st_stairs_3
Temple:   regret_index_temple_sigil_plot
Orc:1:    layout_caves, mines3_lemuel, uniq_snorg, uniq_sonja
Orc:2:    pf_orc_diabolical, layout_diamond_mine

Skill      XL: |  1  2  3  4  5  6  7  8  9 10 11 |
---------------+----------------------------------+-----
Spellcasting   | 3 4 5 6 7 9 11 12 | 12.5
Stealth        | 2 3 4 |  4.2
Dodging        | 3 4 5 6 |  6.9
Fighting       | 1 2 |  2.7
Armour         | 1 |  1.4

Action                   |  1- 3 |  4- 6 |  7- 9 | 10-12 || total
-------------------------+-------+-------+-------+-------++-------
Melee: Staff             |       |     3 |       |       ||     3
       Whip              |       |       |     3 |       ||     3
       Trident           |       |       |       |     1 ||     1
 Cast: Foxfire           |    59 |   122 |   452 |   472 ||  1105
       Conjure Flame     |       |     2 |       |     2 ||     4
       Fireball          |       |       |       |    20 ||    20
       Fulminant Prism   |       |       |       |     3 ||     3
  Use: Scroll            |       |    10 |     4 |    11 ||    25
Armor: Robe              |     3 |     4 |    14 |    20 ||    41
       Steam dragon scal |       |       |       |    18 ||    18
       Troll leather arm |       |       |       |    12 ||    12
Dodge: Dodged            |     4 |    23 |    52 |   132 ||   211

Table legend: (Time is in decaauts)
 A = Elapsed time spent in this place.
 B = Non-inter-level travel time spent in this place.
 C = Inter-level travel time spent in this place.
 D = Time resting spent in this place.
 E = Time spent auto-exploring this place.
 F = Levels seen in this place.
 G = Mean time per level.
                   A        B        C        D        E       F      G
               +--------+--------+--------+--------+--------+-----+--------+
         Total |  12466 |  11722 |    744 |    638 |   9063 |  14 |  890.4 |
       Dungeon |  11088 |  10404 |    684 |    623 |   8073 |  10 | 1108.8 |
        Temple |    298 |    255 |     43 |      0 |    251 |   1 |  298.0 |
  Orcish Mines |    544 |    527 |     17 |     15 |    344 |   2 |  272.0 |
         Sewer |    534 |    534 |      0 |      0 |    395 |   1 |  534.0 |
               +--------+--------+--------+--------+--------+-----+--------+

Top non-repeatable levels by time:
     D:2: 2250 daAuts
     D:9: 1673 daAuts
     D:1: 1282 daAuts
     D:5: 1106 daAuts
    D:10: 970 daAuts
     D:4: 879 daAuts
     D:3: 824 daAuts
     D:8: 740 daAuts
     D:6: 686 daAuts
     D:7: 674 daAuts
   Sewer: 534 daAuts
   Orc:1: 509 daAuts
  Temple: 298 daAuts
   Orc:2: 35 daAuts
